 Dungeon Crawl Stone Soup version 0.27-a0-676-gc1da3516c2 (webtiles) character file.

Game seed: 12155206157347179622

1502 ReteAZ the Frost Mage (level 8, -1/71 (81) HPs)
             Began as an Ogre Ice Elementalist on Mar 18, 2021.
             Was a Believer of Ru.
             Slain by a wight
             ... wielding a +4 morningstar
              (2 damage)
             ... on level 6 of the Dungeon.
             The game lasted 00:13:11 (8747 turns).

ReteAZ the Frost Mage (Ogre Ice Elementalist)       Turns: 8747, Time: 00:13:12

HP:   -1/71 (81)    AC: 10    Str: 19    XL:     8   Next: 82%
MP:   12/17         EV:  9    Int: 18    God:    Ru [**....]
Gold: 332           SH:  0    Dex:  9    Spells: 13/20 levels left

rFire    + . .     SeeInvis .   C - +2 spear (pain)
rCold    . . .     Faith    .   (no shield)
rNeg     . . .     Spirit   .   a - +0 robe
rPois    .         Reflect  .   (helmet restricted)
rElec    .         Harm     .   w - scarf {rC+ rF+}
rCorr    .         Rampage  .   (gloves unavailable)
Will     .....                  (boots unavailable)
Stlth    +.........             (no amulet)
HPRegen  0.21/turn              i - ring of protection from fire
MPRegen  0.15/turn              s - +6 ring of strength

@: ice-armoured, frozen ramparts, heavily drained
A: large, unfitting armour, tough skin 1, temperature sensitive
a: Renounce Religion


You were on level 6 of the Dungeon.
You worshipped Ru.
Ru was pleased with you.
You visited 2 branches of the dungeon, and saw 8 of its levels.

You collected 332 gold pieces.

Inventory:

Hand Weapons
 b - a +0 whip
 e - a +0 spear
 p - a +1 dagger of draining
 q - a +1 falchion of distortion
 x - a +0 short sword of electrocution
 C - a +2 spear of pain (weapon)
 D - a +0 dagger of protection
Armour
 a - a +0 robe (worn)
 w - a scarf of resistance (worn)
 E - a +0 cloak
Jewellery
 i - a ring of protection from fire (right hand)
 s - a +6 ring of strength (left hand)
 z - a ring of willpower
Wands
 y - a wand of polymorph (6)
 A - a wand of acid (8)
Scrolls
 c - a scroll of magic mapping {unknown}
 d - a scroll of fear {unknown}
 g - 2 scrolls of torment {unknown}
 h - a scroll of random uselessness {unknown}
 k - 4 scrolls of immolation {unknown}
 l - 3 scrolls of teleportation {unknown}
 u - 3 scrolls of vulnerability {unknown}
 v - 2 scrolls of identify {unknown}
Potions
 f - 4 potions of haste
 j - 2 potions of berserk rage {unknown}
 m - 2 potions of flight {unknown}
 n - 2 potions of might {unknown}
 o - 4 potions of curing {unknown}
 r - a potion of lignification {unknown}
 t - a potion of attraction {unknown}
 B - 3 potions of brilliance {unknown}


   Skills:
 + Level 5.4 Fighting
 - Level 1.7 Dodging
 - Level 1.4 Stealth
 + Level 6.5 Spellcasting
 * Level 8.2 Ice Magic


You had 13 spell levels left.
You knew the following spells:

 Your Spells              Type           Power      Damage    Failure   Level
a - Freeze                Ice            100%       1d11      1%          1
b - Frozen Ramparts       Ice            70%        1d9       1%          3
c - Ozocubu's Armour      Ice            35%        N/A       1%          3

Your spell library contained the following spells:

 Spells                   Type           Power      Damage    Failure   Level
 Animate Skeleton         Necr           10%        N/A       12%         1
 Apportation              Tloc           10%        N/A       12%         1
 Corona                   Hex            5%         N/A       12%         1
 Summon Small Mammal      Summ           20%        N/A       12%         1
 Hailstorm                Conj/Ice       20%        3d6       21%         4
 Summon Ice Beast         Ice/Summ       20%        N/A       21%         4


Dungeon Overview and Level Annotations

Branches:
Dungeon (7/15)             Temple (1/1) D:4

Altars:
Ashenzari
Cheibriados
Elyvilon
Hepliaklqana
Okawaru
Qazlal
Ru
Trog
Vehumet
The Shining One


Innate Abilities, Weirdness & Mutations

You are too large for most types of armour.
You have tough skin. (AC +1)
You are sensitive to extremes of temperature. (rF-, rC-)


Message History

A stone staircase leading down.
The walls around you are covered in ice.
The wight completely resists.
The wall freezes the wight but does no damage.
The wight barely misses you.
Casting: Frozen Ramparts (safe; 1% risk of failure)
Confirm with . or Enter, or press ? or * to list all spells.
A film of ice covers your body!
The wight resists.
The wall freezes the wight.
The wight hits you with a +4 morningstar.
You closely miss the wight.
The wight is heavily damaged.
The wight resists.
The wall freezes the wight.
The wight hits you with a +4 morningstar!
You barely miss the wight.
The wight is heavily damaged.
The wight completely resists.
The wall freezes the wight but does no damage.
The wight hits you with a +4 morningstar!
* * * LOW HITPOINT WARNING * * *
You feel drained.
You barely miss the wight.
The wight is heavily damaged.
The wight completely resists.
The wall freezes the wight but does no damage.
The wight barely misses you.
You hit the wight but do no damage.
The wight is heavily damaged.
The wight completely resists.
The wall freezes the wight but does no damage.
The wight hits you with a +4 morningstar.
* * * LOW HITPOINT WARNING * * *
You feel drained.
* * * LOW HITPOINT WARNING * * *
You focus your inner power and blind the wight in retribution!
The wight completely resists.
The wall freezes the wight but does no damage.
The wight hits you with a +4 morningstar!
* * * LOW HITPOINT WARNING * * *
You feel drained.
You die...

#..##..........#.#.#### #.#
#..............#.#....# #.#
#......#'#####...#....# #.#
#.[....#.#####...#....# #.#
#....#.#.........#.#### #.#
#...)..#.........#.# #.#
.......#.........#.############.#
...#...#.#####.z.#............#.#
...#...#.......#@...............#
...'...#.......#...........<#.###
...#####.......#...........#.....
.......#.......#...........#..###
...###.#.......#...........#..###
...# #.##......#..(........#..#..
...# #.##......#...........#..#.#
#### #.##......#...........#.....
#.##......#.###.#.#.#.#.##.#


You could see a wight (blind).

Vanquished Creatures
  3 black bears
  An ice beast (D:5)
  2 centaurs
  2 bullfrogs
  2 scorpions
  2 hounds
  2 jellies
  3 orc priests (D:4)
  A bullfrog skeleton (D:6)
  2 iguanas (D:7)
  7 orc wizards
  4 worker ants
  A gnoll (D:1)
  4 adders
  2 ufetubi
  2 oozes
  An adder skeleton (D:4)
  2 worms (D:2)
  2 dart slugs (D:1)
  2 leopard geckos (D:3)
  21 orcs
  A ball python (D:1)
  2 giant cockroaches
  9 hobgoblins
  9 jackals
  10 kobolds
  4 quokkas
  A ball python skeleton (D:4)
  6 bats
  4 frilled lizards
  2 giant cockroach zombies
  9 goblins
  2 jackal skeletons (D:4)
  A quokka zombie (D:5)
  7 rats
135 creatures vanquished.

Vanquished Creatures (others)
  A wight (D:7)
  2 plants (D:1)
3 creatures vanquished.

Grand Total: 138 creatures vanquished

Notes
Turn   | Place    | Note
-------+----------+-------------------------------------------
     0 | D:1      | ReteAZ the Ogre Ice Elementalist began the quest for the
                  | Orb.
     0 | D:1      | Reached XP level 1. HP: 16/16 MP: 3/3
   330 | D:1      | Reached skill level 4 in Ice Magic
   330 | D:1      | Reached XP level 2. HP: 8/24 MP: 1/5
   714 | D:1      | Reached XP level 3. HP: 14/31 MP: 1/7
  1204 | D:1      | Learned a level 3 spell: Frozen Ramparts
  2361 | D:2      | Reached XP level 4. HP: 39/39 MP: 7/9
  3520 | D:4      | Reached skill level 5 in Ice Magic
  3525 | D:4      | Reached XP level 5. HP: 31/45 MP: 3/10
  3719 | D:4      | Reached XP level 6. HP: 53/53 MP: 6/12
  4236 | D:4      | Found a staircase to the Ecumenical Temple.
  4310 | D:4      | Reached skill level 1 in Fighting
  4310 | D:4      | Reached skill level 6 in Ice Magic
  4314 | Temple   | Entered the Ecumenical Temple
  4473 | Temple   | Became a worshipper of Ru the Awakened
  4906 | D:4      | Reached XP level 7. HP: 58/65 MP: 5/14
  5115 | D:5      | Entered Level 5 of the Dungeon
  5387 | D:5      | Reached skill level 5 in Spellcasting
  5985 | D:5      | Learned a level 3 spell: Ozocubu's Armour
  6930 | D:6      | Found an iron altar of Okawaru.
  6935 | D:6      | Reached skill level 7 in Ice Magic
  7075 | D:6      | Gained mutation: You are sensitive to extremes of
                  | temperature. (rF-, rC-) [Ru sacrifice]
  7075 | D:6      | Reached * piety under Ru
  7075 | D:6      | Reached ** piety under Ru
  7091 | D:6      | Reached XP level 8. HP: 37/78 MP: 9/16
  7833 | D:7      | Found a bloodstained altar of Trog.
  7993 | D:7      | Reached skill level 5 in Fighting
  8004 | D:7      | Reached skill level 8 in Ice Magic
  8747 | D:6      | HP: 1/74 [wight/+4 morningstar (12)]
  8747 | D:6      | Slain by a wight

Illustrated notes

Levels and vault maps discovered:
D:1:      mrwooster_arrival_statue_3, layout_basic, serial_bayou_pond_a
D:2:      layout_basic
D:3:      layout_rooms, fountainhead, grunt_ministairs_8, lemuel_old_faithful
D:4:      layout_basic, temple_green
D:5:      layout_loops_cross, eino_small_chamber_without_monster
D:6:      layout_basic, okawaru_ov_weapons_minmay
D:7:      layout_loops_ring, trog_ov_bears_minmay, nicolae_gozag_seed_capital
Temple:   minmay_crystal_snake_temple

Skill      XL: |  1  2  3  4  5  6  7  8 |
---------------+-------------------------+-----
Ice Magic      | 4 5 6 7 8 |  8.2
Spellcasting   | 3 4 5 6 |  6.5
Fighting       | 2 3 5 |  5.4
Dodging        | |  1.7
Stealth        | |  1.4

Action                   |  1- 3 |  4- 6 |  7- 9 || total
-------------------------+-------+-------+-------++-------
Melee: Whip              |    38 |       |       ||    38
       Spear             |    28 |    38 |    71 ||   137
       Dagger            |       |    69 |       ||    69
       Short sword       |       |       |    46 ||    46
 Cast: Freeze            |    53 |    39 |    10 ||   102
       Frozen Ramparts   |       |    13 |    18 ||    31
       Ozocubu's Armour  |       |       |     4 ||     4
Invok: Sacrifice Resista |       |       |     1 ||     1
 Stab: Sleeping          |     2 |     1 |     1 ||     4
       Invisible         |       |       |     1 ||     1
Armor: Robe              |    46 |    29 |    24 ||    99
Dodge: Dodged            |    53 |    50 |    55 ||   158

Table legend: (Time is in decaauts)
 A = Elapsed time spent in this place.
 B = Non-inter-level travel time spent in this place.
 C = Inter-level travel time spent in this place.
 D = Time resting spent in this place.
 E = Time spent auto-exploring this place.
 F = Levels seen in this place.
 G = Mean time per level.
                   A        B        C        D        E       F      G
               +--------+--------+--------+--------+--------+-----+--------+
         Total |   8765 |   8609 |    156 |    819 |   6564 |   8 | 1095.6 |
       Dungeon |   8576 |   8448 |    128 |    693 |   6539 |   7 | 1225.1 |
        Temple |    188 |    160 |     28 |    126 |     25 |   1 |  188.0 |
               +--------+--------+--------+--------+--------+-----+--------+

Top non-repeatable levels by time:
     D:1: 1879 daAuts
     D:4: 1486 daAuts
     D:6: 1398 daAuts
     D:5: 1319 daAuts
     D:7: 924 daAuts
     D:2: 901 daAuts
     D:3: 666 daAuts
  Temple: 188 daAuts
